 Dungeon Crawl Stone Soup version 0.24-a0-284-g9fb9971df1 (webtiles) character file.

Game seed: 15767214416358385618

267 Redear the Firebug (level 6, -2/36 HPs)
             Began as an Octopode Fire Elementalist on May 6, 2019.
             Slain by an orc
             ... wielding a +0 club
              (5 damage)
             ... on level 4 of the Dungeon.
             The game lasted 00:06:58 (3092 turns).

Redear the Firebug (Octopode Fire Elementalist)     Turns: 3092, Time: 00:06:59

Health: -2/36      AC:  3    Str:  8    XL:     6   Next: 21%
Magic:  1/11       EV: 13    Int: 19    God:
Gold:   187        SH:  0    Dex: 12    Spells: 2/12 levels left

rFire    . . .     SeeInvis .   e - +2 dagger (elec)
rCold    + . .     Gourm    .   (no shield)
rNeg     . . .     Faith    .   (helmet restricted)
rPois    .         Spirit   .   (no amulet)
rElec    .         Reflect  .   c - ring of protection from cold {rC+}
rCorr    .         Harm     .   (no ring)
MR       .....                  b - +2 ring of protection
Stlth    ++........             f - ring of attention (curse)
HPRegen  0.12/turn              (no ring)
MPRegen  0.12/turn              (no ring)
                                (no ring)
                                (no ring)

@: no status effects
A: almost no armour, stealthy swim, amphibious, 8 rings, constrict 8, camouflage
1, gelatinous body 1
a: no special abilities


You were on level 4 of the Dungeon.
You were hungry.

You visited 1 branch of the dungeon, and saw 4 of its levels.

You collected 187 gold pieces.

Inventory:

Hand Weapons
 e - a +2 dagger of electrocution (weapon)
Missiles
 a - 68 stones (quivered)
Armour
 j - a +0 buckler
Jewellery
 b - a +2 ring of protection (on tentacle)
 c - a ring of protection from cold (left tentacle) {rC+}
 f - a cursed ring of attention (on tentacle)
 i - an uncursed ring of ice {rC+ rF-}
Scrolls
 h - a scroll of enchant armour
 M - a scroll of magic mapping
 R - 2 scrolls of identify {@r1}
 T - 2 scrolls of teleportation {@r3}
Potions
 g - a potion of haste {@q5}
 l - a potion of resistance {unknown}
 Q - 2 potions of curing
Comestibles
 z - 9 rations


   Skills:
 - Level 2.0 Dodging
 - Level 2.6 Stealth
 + Level 3.7 Spellcasting
 + Level 3.4 Conjurations
 + Level 4.5 Fire Magic


You had 2 spell levels left.
You knew the following spells:

 Your Spells              Type           Power        Failure   Level  Hunger
a - Flame Tongue          Conj/Fire      ###..        2%          1    None
b - Throw Flame           Conj/Fire      ###...       4%          2    ##.....
c - Sticky Flame          Conj/Fire      ###.....     26%         4    ####...
j - Conjure Flame         Conj/Fire      ###.....     9%          3    ###....

Your spell library contained the following spells:

 Spells                   Type           Power        Failure   Level  Hunger
 Inner Flame              Hex/Fire       ##......     17%         3    ###....
 Fireball                 Conj/Fire      ###.......   58%         5    ######.


Dungeon Overview and Level Annotations

Branches:
Dungeon (4/15)
 Temple: D:4-7

Altars:
Elyvilon
Trog


Innate Abilities, Weirdness & Mutations

You cannot wear most types of armour.
You are very stealthy in the water. (Stealth+)
You are amphibious.
You can wear up to eight rings at the same time.
You can use your tentacles to constrict eight enemies at once.
Your skin changes colour to match your surroundings (Stealth+).
Your rubbery body absorbs attacks. (AC +1, EV +1)


Message History

You feel better. The orc wizard misses you. The orc closely misses you.
You regained 10 hp, and now have 20/36 hp.
You closely miss the orc wizard. You grab the orc wizard.
The orc wizard is severely wounded.
You constrict the orc wizard, but do no damage.
The orc wizard closely misses you. The orc hits you with a +0 war axe.
The orc wizard hits you with a +0 dagger.
The orc hits you with a +0 club.
* * * LOW HITPOINT WARNING * * *
You take 10 damage, and have 10/36 hp.
MASSIVE DAMAGE!!
You feel better.
You constrict the orc wizard.
The orc wizard hits you with a +0 dagger.
The orc barely misses you. x2
You regained 5 hp, and now have 15/36 hp.
You hit the orc wizard. You squeeze the orc wizard.
You kill the orc wizard!
The orc hits you with a +0 war axe!
* * * LOW HITPOINT WARNING * * *
The orc hits you with a +0 club.
You die...

.##### ###...........#
...... ..........>..#
.##### #...........#
....# #..o........#
....# #...o.......#
....# #...........#
##### ######....###
..#######.##############
....(..@)Z##.[..........
.......oo.##.#########.#
..............#
#........######
#........#########
#................#
#........#######.
#........##.....
#######.###.#..#


You could see 2 orcs and a leopard gecko skeleton.

Vanquished Creatures
  A crimson imp (D:3)
  A hound (D:4)
  An orc wizard (D:4)
  An orc priest (D:4)
  5 adders
  An adder skeleton (D:4)
  A dart slug (D:2)
  8 leopard geckos
  11 orcs
  7 giant cockroaches
  9 goblins
  7 hobgoblins
  8 jackals
  5 kobolds
  A quokka (D:2)
  A ball python (D:1)
  2 bats
  3 frilled lizards
  5 rats
78 creatures vanquished.

Notes
Turn   | Place    | Note
-------+----------+-------------------------------------------
     0 | D:1      | Redear the Octopode Fire Elementalist began the quest for
                  | the Orb.
     0 | D:1      | Reached XP level 1. HP: 11/11 MP: 3/3
   114 | D:1      | Reached XP level 2. HP: 17/17 MP: 3/5
   419 | D:1      | Reached XP level 3. HP: 15/21 MP: 3/6
   798 | D:2      | Reached skill level 2 in Conjurations
  1051 | D:2      | Reached XP level 4. HP: 23/27 MP: 6/8
  1573 | D:3      | Found a white marble altar of Elyvilon.
  1628 | D:3      | Reached skill level 3 in Spellcasting
  1629 | D:3      | HP: 2/27 [orc/+2 dagger of electrocution (14)]
  2092 | D:3      | Found a bloodstained altar of Trog.
  2258 | D:3      | Reached skill level 4 in Fire Magic
  2258 | D:3      | Reached XP level 5. HP: 27/31 MP: 4/9
  2599 | D:3      | Learned a level 3 spell: Conjure Flame
  2602 | D:3      | Learned a level 2 spell: Throw Flame
  2607 | D:3      | Learned a level 4 spell: Sticky Flame
  2660 | D:4      | Reached skill level 3 in Conjurations
  2855 | D:4      | Noticed a centaur
  3086 | D:4      | Reached XP level 6. HP: 30/36 MP: 0/11
  3092 | D:4      | HP: 3/36 [orc/+0 war axe (12)]
  3092 | D:4      | Slain by an orc

Levels and vault maps discovered:
D:1:      matt_arrival_grand_opening, layout_basic, st_stairs_5
D:2:      layout_basic, first_ration
D:3:      layout_loops_ring, bloody_trog, marbit_many_paths
D:4:      kennysheep_six_static_rooms, layout_basic, kennysheep_vampire_church,
          gammafunk_ghost_cemetery, tgw_kikubaaqudgha, uniq_duvessa,
          uniq_natasha

Skill      XL: |  1  2  3  4  5 |
---------------+----------------+-----
Conjurations   | 2 3 |  3.4
Spellcasting   | 3 |  3.7
Fire Magic     | 4 |  4.5
Dodging        | |  2.0
Stealth        | |  2.6

Action                   |  1- 3 |  4- 6 || total
-------------------------+-------+-------++-------
Melee: Unarmed           |    31 |    11 ||    42
       Constrict         |     8 |     6 ||    14
       Tentacles         |     6 |     3 ||     9
       Dagger            |       |    10 ||    10
 Cast: Flame Tongue      |    51 |    82 ||   133
  Use: Scroll            |       |     6 ||     6
       Potion            |       |     3 ||     3
  Eat: Chunk             |       |     6 ||     6
Armor: Skin              |     1 |     7 ||     8
Dodge: Dodged            |    29 |    40 ||    69

Table legend:
 A = Non-vault XP
 B = Vault XP
 C = Vault XP percentage of total XP
 D = Non-vault monster count
 E = Vault monster count
 F = Vault count percentage of total count
                 A         B        C        D         E       F
            +---------+---------+-------+---------+---------+-------
      Total |     319 |      63 |  16.5 |      72 |       6 |   7.7
            +---------+---------+-------+---------+---------+-------
        D:1 |      39 |       2 |   4.9 |      21 |       2 |   8.7
        D:2 |      70 |       0 |   0.0 |      30 |       0 |   0.0
        D:3 |     103 |       3 |   2.8 |      15 |       1 |   6.2
        D:4 |     107 |      58 |  35.2 |       6 |       3 |  33.3
            +---------+---------+-------+---------+---------+-------
